AoeStats
← Acloudis

Arena

504647324Analyzed
2v2 RM · 27d ago on Sep 6, 2026· 35m 27s· 4 players
Game mode
Random Map
Map size
Medium (4 player)
Population
200
Speed
Normal
Resources
Standard
Victory
Conquest
Starting age
Dark Age
Ending age
Imperial Age
RankedLock teamsTeams togetherTeam positionsShared explorationLock speedFull tech treeHidden civsTurbo modeCheats
Victory
Defeat
🇭🇰 Cumans · Hong Kong SAR China
934
+16
🇨🇳 Franks · China
892
+18
🇺🇸 Bohemians · United States
935
-17
🇺🇸 Maya · United States
935
-17
Hot Line Ming [No Mic No Sound]
11:52 Feudal Age
12:32 Double-Bit Axe
14:00 Wheelbarrow
12:53 Man-at-Arms
18:04 Castle Age
15:51 Horse Collar
18:25 Arson
19:03 Long Swordsman
21:44 Squires
21:07 Pikeman
28:48 Loom
29:18 Hand Cart
28:49 Town Watch
30:18 Ballistics
31:51 Murder Holes
Acloudis
0:41 Loom
10:48 Feudal Age
11:15 Horse Collar
11:22 Double-Bit Axe
12:25 Gold Mining
15:39 Wheelbarrow
15:46 Fletching
17:33 Stone Mining
21:27 Castle Age
20:48 Padded Archer Armor
22:21 Bow Saw
22:15 Heavy Plow
22:24 Town Watch
22:30 Pikeman
23:11 Squires
25:19 Thumb Ring
25:01 Crossbowman
27:28 Hand Cart
27:40 Ballistics
28:55 Bodkin Arrow
29:23 Leather Archer Armor
29:10 Scale Mail Armor
29:21 Forging
34:04 Treadmill Crane
34:36 Masonry
45001072
0:35 Loom
11:31 Feudal Age
16:40 Castle Age
15:28 Double-Bit Axe
15:39 Gold Mining
18:57 Fervor
19:10 Stone Mining
22:03 Forging
25:11 Fletching
25:30 Scale Barding Armor
27:23 Wheelbarrow
27:39 Iron Casting
28:57 Chain Barding Armor
29:12 Fletching
29:41 Town Watch
30:24 Bodkin Arrow
31:18 Husbandry
31:59 Hand Cart
31:56 Masonry
32:07 Ballistics
Gnow_hf
0:40 Loom
1:25 Loom
10:10 Feudal Age
10:42 Double-Bit Axe
13:26 Wheelbarrow
16:23 Horse Collar
24:07 Castle Age
22:04 Gold Mining
22:11 Stone Mining
23:12 Wheelbarrow
23:58 Fletching
24:54 Forging
24:52 Scale Barding Armor
25:13 Heavy Plow
25:24 Bow Saw
25:46 Bloodlines
26:58 Gold Shaft Mining
27:00 Hand Cart
26:30 Town Watch
27:10 Bodkin Arrow
29:59 Iron Casting
29:44 Chain Barding Armor
29:46 Capped Ram
30:49 Fervor
30:59 Sanctity
30:40 Devotion
31:09 Town Patrol
31:11 Steppe Husbandry
32:09 Murder Holes
32:35 Ballistics
32:25 Masonry
32:20 Scale Mail Armor
32:21 Padded Archer Armor
Connection lost

Rejoining the realm…

Still unreachable

The connection could not be restored.

Session expired

The server has moved on; the page needs a fresh start.